AoeStats
← Joaking

Arena

505578360Analyzed
4v4 RM · 22d ago on Sep 10, 2026· 71m 5s· 8 players
Game mode
Random Map
Map size
Large (8 player)
Population
200
Speed
Normal
Resources
Standard
Victory
Conquest
Starting age
Dark Age
Ending age
Imperial Age
RankedLock teamsTeams togetherTeam positionsShared explorationLock speedFull tech treeHidden civsTurbo modeCheats
Victory
Defeat
🇵🇪 Magyars · Peru
1107
+15
1079
+16
🇨🇱 Tatars · Chile
1005
+19
🇨🇴 Celts · Colombia
990
+20
🇨🇴 Spanish · Colombia
1128
-19
🇵🇪 Georgians · Peru
1064
-17
🇨🇦 Malay · Canada
1063
-17
🇺🇸 Britons · United States
1063
-17
JaggedGecko4148
10:33 Feudal Age
10:59 Loom
11:40 Double-Bit Axe
11:48 Stone Mining
11:50 Gold Mining
12:36 Horse Collar
20:38 Castle Age
20:01 Wheelbarrow
23:54 Heavy Plow
24:06 Bow Saw
24:35 Gold Shaft Mining
29:45 Imperial Age
27:05 Crossbowman
27:41 Pikeman
30:48 Fletching
30:58 Padded Archer Armor
31:09 Forging
30:59 Scale Mail Armor
31:49 Bodkin Arrow
32:34 Hand Cart
32:07 Town Watch
33:01 Leather Archer Armor
32:39 Halberdier
34:11 Chain Mail Armor
34:31 Iron Casting
33:48 Gambesons
34:03 Squires
33:48 Arson
37:10 Arbalester
39:29 Light Cavalry
40:20 Scale Barding Armor
40:17 Bracer
40:42 Cavalier
41:23 Husbandry
46:32 Two-Man Saw
60:31 Town Patrol
martinjmoralesv
10:41 Feudal Age
12:25 Double-Bit Axe
13:23 Loom
18:06 Castle Age
16:50 Horse Collar
17:03 Gold Mining
17:04 Stone Mining
19:21 Fletching
20:45 Bow Saw
21:32 Svan Towers
22:24 Wheelbarrow
26:26 Stone Shaft Mining
26:26 Bodkin Arrow
30:22 Imperial Age
29:51 Hand Cart
29:22 Town Watch
30:50 Pikeman
31:59 Scale Mail Armor
32:09 Forging
32:17 Fortified Wall
32:04 Murder Holes
33:11 Chemistry
32:22 Siege Engineers
33:18 Chemistry
32:34 Squires
35:06 Conscription
36:45 Scale Barding Armor
38:36 Chain Barding Armor
38:52 Iron Casting
38:22 Husbandry
38:33 Bloodlines
42:13 Plate Barding Armor
42:40 Blast Furnace
47:13 Heavy Plow
49:01 Elite Monaspa
51:53 Crop Rotation
56:27 Aznauri Cavalry
tboss
0:26 Loom
10:45 Feudal Age
10:43 Double-Bit Axe
10:42 Horse Collar
18:13 Castle Age
18:13 Wheelbarrow
18:26 Bow Saw
18:16 Heavy Plow
21:02 Hand Cart
22:22 Gold Mining
24:05 Stone Mining
24:53 Town Watch
28:06 Murder Holes
30:00 Town Patrol
33:12 Imperial Age
31:13 Ballistics
31:40 Forging
33:05 Iron Casting
32:54 Forced Levy
34:13 Conscription
33:57 Squires
33:42 Arson
35:08 Blast Furnace
33:29 Man-at-Arms
34:27 Fletching
35:40 Chemistry
34:22 Long Swordsman
36:01 Crop Rotation
34:57 Two-Handed Swordsman
35:22 Pikeman
36:50 Masonry
36:50 Bodkin Arrow
36:29 Halberdier
38:46 Bracer
38:09 Elite Karambit Warrior
41:49 Capped Ram
49:17 Padded Archer Armor
50:10 Elite Skirmisher
51:15 Leather Archer Armor
51:42 Siege Engineers
51:19 Crossbowman
52:05 Thumb Ring
52:45 Ring Archer Armor
61:33 Scale Barding Armor
62:43 Husbandry
62:05 Elite Battle Elephant
crosspunk
0:28 Loom
10:50 Feudal Age
15:11 Castle Age
14:51 Double-Bit Axe
15:28 Horse Collar
25:01 Padded Archer Armor
26:22 Bloodlines
26:30 Leather Archer Armor
28:38 Husbandry
30:26 Wheelbarrow
29:41 Town Watch
30:44 Stone Mining
30:45 Gold Mining
32:47 Town Patrol
32:51 Fletching
34:58 Wheelbarrow
35:38 Fortified Wall
35:50 Ballistics
39:49 Imperial Age
37:22 Heavy Plow
39:28 Bodkin Arrow
40:33 Masonry
40:53 Conscription
41:10 Hoardings
40:45 Elite Conquistador
42:42 Ring Archer Armor
44:35 Hoardings
46:00 Bracer
46:54 Elite Skirmisher
48:28 Architecture
49:35 Bow Saw
51:58 Chemistry
Joaking
11:01 Feudal Age
15:55 Castle Age
14:50 Double-Bit Axe
14:50 Horse Collar
15:06 Gold Mining
25:29 Scale Barding Armor
25:42 Bloodlines
25:54 Husbandry
26:12 Forging
27:46 Chain Barding Armor
29:14 Silk Armor
29:40 Loom
30:31 Wheelbarrow
29:46 Town Watch
32:46 Imperial Age
30:39 Fletching
31:25 Iron Casting
32:33 Hand Cart
32:19 Town Patrol
32:17 Bodkin Arrow
32:22 Padded Archer Armor
32:51 Heavy Cavalry Archer
34:37 Chemistry
33:57 Ballistics
33:47 Bracer
35:32 Leather Archer Armor
36:31 Conscription
36:04 Elite Keshik
37:50 Ring Archer Armor
37:56 Plate Barding Armor
38:22 Blast Furnace
37:34 Masonry
41:01 Heavy Plow
42:34 Capped Ram
44:12 Siege Ram
48:32 Scale Mail Armor
49:56 Fortified Wall
49:51 Siege Engineers
65:07 Sappers
Haku...!!!
11:34 Feudal Age
13:15 Loom
16:21 Castle Age
14:38 Double-Bit Axe
20:09 Town Watch
20:18 Fletching
26:33 Gold Mining
28:44 Scale Barding Armor
29:52 Bloodlines
29:43 Husbandry
30:06 Chain Barding Armor
30:49 Bow Saw
30:31 Stone Mining
31:35 Bodkin Arrow
31:11 Light Cavalry
31:59 Corvinian Army
33:45 Wheelbarrow
39:55 Imperial Age
38:41 Padded Archer Armor
41:47 Two-Man Saw
40:34 Horse Collar
41:21 Conscription
40:37 Hussar
41:22 Recurve Bow
42:06 Elite Magyar Huszar
43:25 Heavy Plow
45:20 Plate Barding Armor
44:49 Caravan
45:13 Ballistics
44:34 Treadmill Crane
45:05 Masonry
47:09 Hoardings
48:54 Hand Cart
48:40 Town Patrol
48:43 Bracer
48:59 Leather Archer Armor
51:04 Chemistry
50:00 Murder Holes
50:54 Siege Engineers
51:20 Recurve Bow
52:45 Ring Archer Armor
60:19 Scale Mail Armor
61:33 Cavalier
63:34 Chain Mail Armor
63:18 Paladin
66:19 Crop Rotation
Eyaculador de Poemas
9:35 Loom
11:21 Feudal Age
16:13 Castle Age
14:24 Horse Collar
14:37 Double-Bit Axe
15:06 Fletching
15:42 Padded Archer Armor
17:55 Wheelbarrow
18:11 Bodkin Arrow
19:43 Leather Archer Armor
19:52 Bow Saw
19:46 Heavy Plow
23:55 Hand Cart
25:33 Chemistry
26:42 Ballistics
27:18 Treadmill Crane
27:34 Murder Holes
31:19 Imperial Age
31:28 Masonry
32:32 Bracer
34:25 Conscription
35:33 Wagenburg Tactics
41:42 Architecture
41:18 Siege Engineers
40:39 Houfnice
50:07 Elite Skirmisher
51:23 Ring Archer Armor
52:12 Two-Man Saw
53:58 Town Watch
55:08 Caravan
55:38 Coinage
55:19 Guilds
57:16 Town Patrol
64:33 Fortified Wall
70:58 Spies/Treason
santiagomahecha192
2:01 Loom
3:02 Loom
11:26 Feudal Age
14:08 Wheelbarrow
13:25 Horse Collar
13:19 Man-at-Arms
14:51 Town Watch
15:13 Arson
23:17 Castle Age
Connection lost

Rejoining the realm…

Still unreachable

The connection could not be restored.

Session expired

The server has moved on; the page needs a fresh start.